[gd_scene load_steps=25 format=3 uid="uid://b5dl2623hkg32"]

[ext_resource type="Script" path="res://scenes/menus/credits.gd" id="1_xoqvt"]
[ext_resource type="FontFile" uid="uid://v0bko48uvlg5" path="res://assets/quadriana.ttf" id="2_gsicv"]
[ext_resource type="EventAsset" uid="uid://dij4m32hpkcd1" path="res://addons/FMOD/editor/resources/events/{2bfe33f5-aa13-4ec5-afd7-932667370aab}.tres" id="2_plobn"]
[ext_resource type="EventAsset" uid="uid://dwam17h1hudbk" path="res://addons/FMOD/editor/resources/events/{9dca4b0c-82af-4f8c-8978-3a1aefb4ad1a}.tres" id="3_7tmd7"]
[ext_resource type="StyleBox" uid="uid://cr2fdofxqxvqb" path="res://scenes/menus/button.tres" id="3_qjwk3"]
[ext_resource type="Shader" path="res://shaders/cloud.gdshader" id="4_l60ee"]
[ext_resource type="Texture2D" uid="uid://fnvwyr2nyjwc" path="res://assets/background sprites/clouds behind.png" id="5_4qyyv"]
[ext_resource type="Texture2D" uid="uid://bwa47qv6i72xe" path="res://assets/background sprites/Montanha.png" id="6_l10so"]
[ext_resource type="Texture2D" uid="uid://ba2beureli8l3" path="res://assets/background sprites/clouds front.png" id="7_wa2kf"]
[ext_resource type="Texture2D" uid="uid://cbtwgbvb4yefp" path="res://assets/background sprites/Casas.png" id="8_44k50"]
[ext_resource type="Texture2D" uid="uid://b0q7nnfyja2kk" path="res://assets/background sprites/areia.png" id="9_u0f7y"]

[sub_resource type="ShaderMaterial" id="ShaderMaterial_d2yny"]
shader = ExtResource("4_l60ee")
shader_parameter/move_speed = 0.003
shader_parameter/a = 0.003
shader_parameter/omega = 0.5
shader_parameter/phi = 3.14

[sub_resource type="ShaderMaterial" id="ShaderMaterial_gwtd1"]
shader = ExtResource("4_l60ee")
shader_parameter/move_speed = 0.005
shader_parameter/a = 0.006
shader_parameter/omega = 0.5
shader_parameter/phi = 0.0

[sub_resource type="Animation" id="Animation_l8s8f"]
length = 0.001
tracks/0/type = "value"
tracks/0/imported = false
tracks/0/enabled = true
tracks/0/path = NodePath("ColorRect:color")
tracks/0/interp = 1
tracks/0/loop_wrap = true
tracks/0/keys = {
"times": PackedFloat32Array(0),
"transitions": PackedFloat32Array(1),
"update": 0,
"values": [Color(1, 1, 1, 1)]
}
tracks/1/type = "value"
tracks/1/imported = false
tracks/1/enabled = true
tracks/1/path = NodePath("ColorRect2:color")
tracks/1/interp = 1
tracks/1/loop_wrap = true
tracks/1/keys = {
"times": PackedFloat32Array(0),
"transitions": PackedFloat32Array(1),
"update": 0,
"values": [Color(0.184314, 0.243137, 0.811765, 0.25098)]
}
tracks/2/type = "value"
tracks/2/imported = false
tracks/2/enabled = true
tracks/2/path = NodePath("ColorRect3:color")
tracks/2/interp = 1
tracks/2/loop_wrap = true
tracks/2/keys = {
"times": PackedFloat32Array(0),
"transitions": PackedFloat32Array(1),
"update": 0,
"values": [Color(0.501849, 0.21974, 0.28031, 0.260907)]
}

[sub_resource type="Animation" id="Animation_hoxub"]
resource_name = "sky"
length = 4.0
loop_mode = 1
tracks/0/type = "value"
tracks/0/imported = false
tracks/0/enabled = true
tracks/0/path = NodePath("ColorRect:color")
tracks/0/interp = 1
tracks/0/loop_wrap = true
tracks/0/keys = {
"times": PackedFloat32Array(0, 1, 1.9, 2.8, 3.5, 4),
"transitions": PackedFloat32Array(1, 0.406126, 0.5, 1, 1, 1),
"update": 0,
"values": [Color(0.0392157, 0.666667, 0.909804, 1), Color(0.0392157, 0.666667, 0.909804, 1), Color(0.713726, 0.294118, 0.164706, 1), Color(0.0941176, 0.121569, 0.462745, 1), Color(0.0941176, 0.121569, 0.462745, 1), Color(0.0392157, 0.666667, 0.909804, 1)]
}
tracks/1/type = "value"
tracks/1/imported = false
tracks/1/enabled = true
tracks/1/path = NodePath("ColorRect2:color")
tracks/1/interp = 1
tracks/1/loop_wrap = true
tracks/1/keys = {
"times": PackedFloat32Array(0, 1, 2, 3, 3.8),
"transitions": PackedFloat32Array(1, 1, 1, 1, 1),
"update": 0,
"values": [Color(0.184314, 0.243137, 0.811765, 0), Color(0.370588, 0.229412, 0.5, 0.115686), Color(0.556863, 0.215686, 0.188235, 0.231373), Color(0.184314, 0.243137, 0.811765, 0.431373), Color(0.184314, 0.243137, 0.811765, 0)]
}
tracks/2/type = "value"
tracks/2/imported = false
tracks/2/enabled = true
tracks/2/path = NodePath("ColorRect3:color")
tracks/2/interp = 1
tracks/2/loop_wrap = true
tracks/2/keys = {
"times": PackedFloat32Array(0, 4),
"transitions": PackedFloat32Array(1, 1),
"update": 0,
"values": [Color(0, 0, 0, 0.513726), Color(0, 0, 0, 0.513726)]
}

[sub_resource type="AnimationLibrary" id="AnimationLibrary_04rwv"]
_data = {
"RESET": SubResource("Animation_l8s8f"),
"sky": SubResource("Animation_hoxub")
}

[sub_resource type="StyleBoxFlat" id="StyleBoxFlat_anlue"]
bg_color = Color(0.203922, 0.117647, 0.509804, 1)
corner_radius_top_left = 10
corner_radius_top_right = 10
corner_radius_bottom_right = 10
corner_radius_bottom_left = 10
shadow_size = 1
shadow_offset = Vector2(5, 5)

[sub_resource type="StyleBoxFlat" id="StyleBoxFlat_v8cnt"]
bg_color = Color(0.121569, 0.0627451, 0.329412, 1)
corner_radius_top_left = 10
corner_radius_top_right = 10
corner_radius_bottom_right = 10
corner_radius_bottom_left = 10

[sub_resource type="InputEventJoypadButton" id="InputEventJoypadButton_uacdr"]
pressed = true

[sub_resource type="InputEventJoypadButton" id="InputEventJoypadButton_jpr6a"]
button_index = 6
pressed = true

[sub_resource type="Shortcut" id="Shortcut_m715k"]
events = [SubResource("InputEventJoypadButton_uacdr"), SubResource("InputEventJoypadButton_jpr6a")]

[sub_resource type="Animation" id="Animation_n17hv"]
length = 0.001
tracks/0/type = "value"
tracks/0/imported = false
tracks/0/enabled = true
tracks/0/path = NodePath("MarginContainer:position")
tracks/0/interp = 1
tracks/0/loop_wrap = true
tracks/0/keys = {
"times": PackedFloat32Array(0),
"transitions": PackedFloat32Array(1),
"update": 0,
"values": [Vector2(131.5, 2.5)]
}
tracks/1/type = "value"
tracks/1/imported = false
tracks/1/enabled = true
tracks/1/path = NodePath("Button:visible")
tracks/1/interp = 1
tracks/1/loop_wrap = true
tracks/1/keys = {
"times": PackedFloat32Array(0),
"transitions": PackedFloat32Array(1),
"update": 1,
"values": [false]
}

[sub_resource type="Animation" id="Animation_dn3fv"]
resource_name = "new_animation"
length = 5.0
tracks/0/type = "value"
tracks/0/imported = false
tracks/0/enabled = true
tracks/0/path = NodePath("MarginContainer:position")
tracks/0/interp = 1
tracks/0/loop_wrap = true
tracks/0/keys = {
"times": PackedFloat32Array(0, 5),
"transitions": PackedFloat32Array(1, 1),
"update": 0,
"values": [Vector2(131.5, 700), Vector2(131.5, 2)]
}
tracks/1/type = "value"
tracks/1/imported = false
tracks/1/enabled = true
tracks/1/path = NodePath("Button:visible")
tracks/1/interp = 1
tracks/1/loop_wrap = true
tracks/1/keys = {
"times": PackedFloat32Array(5),
"transitions": PackedFloat32Array(1),
"update": 1,
"values": [true]
}

[sub_resource type="AnimationLibrary" id="AnimationLibrary_ip052"]
_data = {
"RESET": SubResource("Animation_n17hv"),
"new_animation": SubResource("Animation_dn3fv")
}

[node name="Credits" type="Control"]
layout_mode = 3
anchors_preset = 15
anchor_right = 1.0
anchor_bottom = 1.0
grow_horizontal = 2
grow_vertical = 2
script = ExtResource("1_xoqvt")
startevent = ExtResource("2_plobn")
mmmevent = ExtResource("3_7tmd7")

[node name="MarginContainer" type="MarginContainer" parent="."]
layout_mode = 1
anchors_preset = 8
anchor_left = 0.5
anchor_top = 0.5
anchor_right = 0.5
anchor_bottom = 0.5
offset_left = 131.5
offset_top = 2.5
offset_right = 1004.5
offset_bottom = 681.503
grow_horizontal = 2
grow_vertical = 2
theme_override_constants/margin_bottom = 50

[node name="VBoxContainer" type="VBoxContainer" parent="MarginContainer"]
layout_mode = 2
alignment = 1

[node name="MarginContainer" type="MarginContainer" parent="MarginContainer/VBoxContainer"]
layout_mode = 2
theme_override_constants/margin_bottom = 100

[node name="VBoxContainer" type="VBoxContainer" parent="MarginContainer/VBoxContainer/MarginContainer"]
layout_mode = 2
theme_override_constants/separation = 60
alignment = 1

[node name="Label" type="Label" parent="MarginContainer/VBoxContainer/MarginContainer/VBoxContainer"]
layout_mode = 2
theme_override_colors/font_color = Color(0.972549, 0.886275, 0.933333, 1)
theme_override_colors/font_outline_color = Color(0, 0, 0, 1)
theme_override_constants/outline_size = 20
theme_override_fonts/font = ExtResource("2_gsicv")
theme_override_font_sizes/font_size = 128
text = "Aruna Sound"

[node name="HBoxContainer" type="HBoxContainer" parent="MarginContainer/VBoxContainer/MarginContainer/VBoxContainer"]
layout_mode = 2
theme_override_constants/separation = 50
alignment = 1

[node name="VBoxContainer" type="VBoxContainer" parent="MarginContainer/VBoxContainer/MarginContainer/VBoxContainer/HBoxContainer"]
layout_mode = 2

[node name="Label2" type="Label" parent="MarginContainer/VBoxContainer/MarginContainer/VBoxContainer/HBoxContainer/VBoxContainer"]
layout_mode = 2
theme_override_colors/font_color = Color(0.972549, 0.886275, 0.933333, 1)
theme_override_colors/font_outline_color = Color(0, 0, 0, 1)
theme_override_constants/outline_size = 20
theme_override_fonts/font = ExtResource("2_gsicv")
theme_override_font_sizes/font_size = 48
text = "Game Design"
horizontal_alignment = 1

[node name="Label3" type="Label" parent="MarginContainer/VBoxContainer/MarginContainer/VBoxContainer/HBoxContainer/VBoxContainer"]
layout_mode = 2
theme_override_colors/font_color = Color(0.972549, 0.886275, 0.933333, 1)
theme_override_colors/font_outline_color = Color(0, 0, 0, 1)
theme_override_constants/outline_size = 20
theme_override_fonts/font = ExtResource("2_gsicv")
theme_override_font_sizes/font_size = 24
text = "Minako
Paulim"
horizontal_alignment = 1

[node name="VBoxContainer2" type="VBoxContainer" parent="MarginContainer/VBoxContainer/MarginContainer/VBoxContainer/HBoxContainer"]
layout_mode = 2

[node name="Label2" type="Label" parent="MarginContainer/VBoxContainer/MarginContainer/VBoxContainer/HBoxContainer/VBoxContainer2"]
layout_mode = 2
theme_override_colors/font_color = Color(0.972549, 0.886275, 0.933333, 1)
theme_override_colors/font_outline_color = Color(0, 0, 0, 1)
theme_override_constants/outline_size = 20
theme_override_fonts/font = ExtResource("2_gsicv")
theme_override_font_sizes/font_size = 48
text = "Programacao"
horizontal_alignment = 1

[node name="Label3" type="Label" parent="MarginContainer/VBoxContainer/MarginContainer/VBoxContainer/HBoxContainer/VBoxContainer2"]
layout_mode = 2
theme_override_colors/font_color = Color(0.972549, 0.886275, 0.933333, 1)
theme_override_colors/font_outline_color = Color(0, 0, 0, 1)
theme_override_constants/outline_size = 20
theme_override_fonts/font = ExtResource("2_gsicv")
theme_override_font_sizes/font_size = 24
text = "Paulim
"
horizontal_alignment = 1

[node name="HBoxContainer2" type="HBoxContainer" parent="MarginContainer/VBoxContainer/MarginContainer/VBoxContainer"]
layout_mode = 2
theme_override_constants/separation = 150
alignment = 1

[node name="MarginContainer" type="MarginContainer" parent="MarginContainer/VBoxContainer/MarginContainer/VBoxContainer/HBoxContainer2"]
layout_mode = 2
theme_override_constants/margin_left = 110

[node name="VBoxContainer" type="VBoxContainer" parent="MarginContainer/VBoxContainer/MarginContainer/VBoxContainer/HBoxContainer2/MarginContainer"]
layout_mode = 2

[node name="Label2" type="Label" parent="MarginContainer/VBoxContainer/MarginContainer/VBoxContainer/HBoxContainer2/MarginContainer/VBoxContainer"]
layout_mode = 2
theme_override_colors/font_color = Color(0.972549, 0.886275, 0.933333, 1)
theme_override_colors/font_outline_color = Color(0, 0, 0, 1)
theme_override_constants/outline_size = 20
theme_override_fonts/font = ExtResource("2_gsicv")
theme_override_font_sizes/font_size = 48
text = "Som"
horizontal_alignment = 1

[node name="Label3" type="Label" parent="MarginContainer/VBoxContainer/MarginContainer/VBoxContainer/HBoxContainer2/MarginContainer/VBoxContainer"]
layout_mode = 2
theme_override_colors/font_color = Color(0.972549, 0.886275, 0.933333, 1)
theme_override_colors/font_outline_color = Color(0, 0, 0, 1)
theme_override_constants/outline_size = 20
theme_override_fonts/font = ExtResource("2_gsicv")
theme_override_font_sizes/font_size = 24
text = "Minako"
horizontal_alignment = 1

[node name="VBoxContainer2" type="VBoxContainer" parent="MarginContainer/VBoxContainer/MarginContainer/VBoxContainer/HBoxContainer2"]
layout_mode = 2

[node name="Label2" type="Label" parent="MarginContainer/VBoxContainer/MarginContainer/VBoxContainer/HBoxContainer2/VBoxContainer2"]
layout_mode = 2
theme_override_colors/font_color = Color(0.972549, 0.886275, 0.933333, 1)
theme_override_colors/font_outline_color = Color(0, 0, 0, 1)
theme_override_constants/outline_size = 20
theme_override_fonts/font = ExtResource("2_gsicv")
theme_override_font_sizes/font_size = 48
text = "Arte"
horizontal_alignment = 1

[node name="Label3" type="Label" parent="MarginContainer/VBoxContainer/MarginContainer/VBoxContainer/HBoxContainer2/VBoxContainer2"]
layout_mode = 2
theme_override_colors/font_color = Color(0.972549, 0.886275, 0.933333, 1)
theme_override_colors/font_outline_color = Color(0, 0, 0, 1)
theme_override_constants/outline_size = 20
theme_override_fonts/font = ExtResource("2_gsicv")
theme_override_font_sizes/font_size = 24
text = "Minako
Athena (Concept Art Aruna)"
horizontal_alignment = 1

[node name="Background" type="Control" parent="."]
layout_mode = 1
anchors_preset = 15
anchor_right = 1.0
anchor_bottom = 1.0
grow_horizontal = 2
grow_vertical = 2
mouse_filter = 2

[node name="Background" type="ParallaxBackground" parent="Background"]

[node name="ColorRect" type="ColorRect" parent="Background/Background"]
anchors_preset = 15
anchor_right = 1.0
anchor_bottom = 1.0
grow_horizontal = 2
grow_vertical = 2

[node name="BackCloud" type="ParallaxLayer" parent="Background/Background"]
motion_scale = Vector2(0.15, 1)
motion_mirroring = Vector2(2640, 0)

[node name="Sprite2D" type="Sprite2D" parent="Background/Background/BackCloud"]
texture_repeat = 2
material = SubResource("ShaderMaterial_d2yny")
position = Vector2(1320, 325)
scale = Vector2(4, 4)
texture = ExtResource("5_4qyyv")

[node name="Mountains" type="ParallaxLayer" parent="Background/Background"]
motion_scale = Vector2(0.3, 1)
motion_mirroring = Vector2(2640, 0)

[node name="Sprite2D" type="Sprite2D" parent="Background/Background/Mountains"]
position = Vector2(1319, 328)
scale = Vector2(4, 4)
texture = ExtResource("6_l10so")

[node name="FrontCloud" type="ParallaxLayer" parent="Background/Background"]
motion_scale = Vector2(0.32, 1)
motion_mirroring = Vector2(2640, 0)

[node name="Sprite2D" type="Sprite2D" parent="Background/Background/FrontCloud"]
texture_repeat = 2
material = SubResource("ShaderMaterial_gwtd1")
position = Vector2(1320, 358)
scale = Vector2(4, 4)
texture = ExtResource("7_wa2kf")

[node name="Houses" type="ParallaxLayer" parent="Background/Background"]
motion_scale = Vector2(0.6, 1)
motion_mirroring = Vector2(2560, 0)

[node name="Sprite2D" type="Sprite2D" parent="Background/Background/Houses"]
position = Vector2(1320, 319)
scale = Vector2(4, 4)
texture = ExtResource("8_44k50")

[node name="Sand" type="ParallaxLayer" parent="Background/Background"]
position = Vector2(0, 8)
motion_mirroring = Vector2(2560, 0)

[node name="Sprite2D" type="Sprite2D" parent="Background/Background/Sand"]
position = Vector2(1319, 315)
scale = Vector2(4, 4)
texture = ExtResource("9_u0f7y")

[node name="ColorRect2" type="ColorRect" parent="Background/Background"]
anchors_preset = 15
anchor_right = 1.0
anchor_bottom = 1.0
grow_horizontal = 2
grow_vertical = 2
color = Color(0.184314, 0.243137, 0.811765, 0.25098)

[node name="ColorRect3" type="ColorRect" parent="Background/Background"]
anchors_preset = 15
anchor_right = 1.0
anchor_bottom = 1.0
grow_horizontal = 2
grow_vertical = 2
color = Color(0.501849, 0.21974, 0.28031, 0.260907)

[node name="AnimationPlayer" type="AnimationPlayer" parent="Background/Background"]
libraries = {
"": SubResource("AnimationLibrary_04rwv")
}
autoplay = "sky"
speed_scale = 0.1

[node name="Button" type="Button" parent="."]
visible = false
custom_minimum_size = Vector2(200, 80)
layout_mode = 1
anchors_preset = 3
anchor_left = 1.0
anchor_top = 1.0
anchor_right = 1.0
anchor_bottom = 1.0
offset_left = -664.0
offset_top = -92.0
offset_right = -464.0
offset_bottom = -12.0
grow_horizontal = 0
grow_vertical = 0
size_flags_horizontal = 8
size_flags_vertical = 8
theme_override_colors/font_color = Color(0.972549, 0.886275, 0.933333, 1)
theme_override_fonts/font = ExtResource("2_gsicv")
theme_override_font_sizes/font_size = 48
theme_override_styles/normal = ExtResource("3_qjwk3")
theme_override_styles/hover = SubResource("StyleBoxFlat_anlue")
theme_override_styles/pressed = SubResource("StyleBoxFlat_v8cnt")
shortcut = SubResource("Shortcut_m715k")
text = "Voltar"

[node name="AnimationPlayer" type="AnimationPlayer" parent="."]
libraries = {
"": SubResource("AnimationLibrary_ip052")
}
autoplay = "new_animation"

[connection signal="pressed" from="Button" to="." method="_on_button_pressed"]
